 Dungeon Crawl Stone Soup version 0.31-a0-246-g8cbcc1cb85 (webtiles) character file.

Game seed: 7611379796876250311

2 qw the Shooter (level 1, 0/16 HPs)
             Began as a Minotaur Hexslinger on July 12, 2023.
             Slain by a kobold
             ... wielding a +0 whip of freezing
              (2 damage)
             ... on level 1 of the Dungeon.
             The game lasted 00:00:02 (45 turns).

qw the Shooter (Minotaur Hexslinger)                  Turns: 45, Time: 00:00:02

Health: 0/16       AC:  2    Str: 12    XL:     1   Next: 33%
Magic:  1/1        EV: 12    Int: 10    God:
Gold:   0          SH:  0    Dex: 12    Spells: 1/2 levels left

rFire   . . .        a - +1 sling
rCold   . . .        (no shield)
rNeg    . . .        c - +0 robe
rPois   .            (helmet restricted)
rElec   .            (no cloak)
rCorr   .            (no gloves)
SInv    .            (no boots)
Will    .....        (no amulet)
Stlth   +            (no ring)
HPRegen 0.22/turn    (no ring)
MPRegen 0.07/turn

%: no passive effects
@: no status effects
A: horns 2, retaliatory headbutt
a: no special abilities


You were on level 1 of the Dungeon.
You visited 1 branch of the dungeon, and saw 1 of its levels.


Innate Abilities, Weirdness & Mutations

You have a pair of horns on your head.
You reflexively headbutt those who attack you in melee.


   Skills:
 - Level 1.2 Fighting
 + Level 2.5 Ranged Weapons
 - Level 2.1 Dodging
 - Level 1.0 Spellcasting
 - Level 2.0 Hexes


You had one spell level left.
You knew the following spells:

 Your Spells              Type           Power      Damage    Failure   Level
a - Slow                  Hex            16%        N/A       16%         1

Your spell library contained the following spells:

 Spells                   Type           Power      Damage    Failure   Level
 Inner Flame              Hex/Fire       2%         N/A       56%         3
 Portal Projectile        Hex/Tloc       4%         N/A       56%         3
 Cause Fear               Hex            2%         N/A       83%         4

Inventory:

Hand Weapons
 a - a +1 sling (weapon)
Armour
 c - a +0 robe (worn)
 d - a +0 cloak
Scrolls
 b - a scroll of poison

Dungeon Overview and Level Annotations

Branches:
Dungeon (1/15)

Altars:


Message History

A ball python comes into view.
The jackal barely misses you.
You shoot a sling bullet.
The sling bullet closely misses the jackal.
The ball python hisses angrily.
The jackal bites you. The jackal closely misses you.
You shoot a sling bullet.
The sling bullet closely misses the jackal.
The sling bullet hits the ball python.
You kill the ball python!
The jackal bites you. The jackal closely misses you.
A kobold comes into view. It is wielding a +0 short sword.
You shoot a sling bullet.
The sling bullet barely misses the jackal.
The sling bullet barely misses the kobold.
The kobold shouts!
The jackal misses you.
You shoot a sling bullet.
The sling bullet hits the kobold but does no damage.
The jackal bites you. The jackal barely misses you.
The kobold hits you with a +0 whip of freezing.
The kobold freezes you.
You shoot a sling bullet. The sling bullet hits the kobold.
The kobold is severely wounded.
The jackal closely misses you. You furiously retaliate!
You headbutt the jackal. The kobold misses you. The jackal misses you.
The kobold closely misses you.
A frilled lizard comes into view.
You shoot a sling bullet.
The sling bullet barely misses the jackal.
The sling bullet hits the kobold.
You kill the kobold!
The jackal barely misses you. x2
The kobold hits you with a +0 whip of freezing.
The kobold freezes you.
You shoot a sling bullet.
The sling bullet barely misses the jackal.
The jackal closely misses you. You furiously retaliate!
You headbutt the jackal!
You kill the jackal!
The kobold hits you with a +0 whip of freezing.
You die...

.... .........
?...#.l......
#......%....
...#...... #...#)..
..... #K%## #@.######
#.......# #.#####...
#.# #.#.### #.#
#.#.#.# #.####
#...#.####....# ##.
#...#...#####.###....
#...###.#####........


You could see a kobold and a frilled lizard.

Vanquished Creatures
  A jackal (D:1)
  A kobold (D:1)
  A ball python (D:1)
  A frilled lizard (D:1)
4 creatures vanquished.

Notes
Turn   | Place    | Note
-------+----------+-------------------------------------------
     0 | D:1      | qw the Minotaur Hexslinger began the quest for the Orb.
     0 | D:1      | Reached XP level 1. HP: 16/16 MP: 1/1
     0 | D:1      | 0 ||| qw: Version: 0.3-a-52-g30416fa
     0 | D:1      | 0 ||| qw: Game counter: 6569
     0 | D:1      | 0 ||| qw: Melee chars always use a shield: true
     0 | D:1      | 0 ||| qw: God list: Okawaru
     0 | D:1      | 0 ||| qw: Allow faded altars: false
     0 | D:1      | 0 ||| qw: Do Orc after clearing Dungeon:15 true
     0 | D:1      | 0 ||| qw: Do second Lair branch before Depths: true
     0 | D:1      | 0 ||| qw: Lair rune preference: random
     0 | D:1      | 0 ||| qw: Goals: Normal
     0 | D:1      | 0 ||| PLANNING D:1-11
    44 | D:1      | HP: 3/16 [kobold/+0 whip of freezing (3)]
    45 | D:1      | Slain by a kobold

Levels and vault maps discovered:
D:1:      amcnicky_arrival_blooded_trapdoor, layout_rooms, serial_shops, shop,
          minivault_27, minivault_23

Action                     || total
---------------------------++-------
   Fire: Sling             ||    12
  Dodge: Dodged            ||    14

Table legend:
 A = Non-vault XP
 B = Vault XP
 C = Vault XP percentage of total XP
 D = Non-vault monster count
 E = Vault monster count
 F = Vault count percentage of total count
                 A         B        C        D         E       F
            +---------+---------+-------+---------+---------+-------
      Total |       6 |       0 |   0.0 |       4 |       0 |   0.0
            +---------+---------+-------+---------+---------+-------
        D:1 |       6 |       0 |   0.0 |       4 |       0 |   0.0
            +---------+---------+-------+---------+---------+-------
